AoeStats
← jphilkill

Nomad

510045478Analyzed
4v4 RM · 2d ago on Sep 29, 2026· 37m 30s· 8 players
Game mode
Random Map
Map size
231×231
Population
200
Speed
Normal
Resources
Standard
Victory
Conquest
Starting age
Dark Age
Ending age
Imperial Age
RankedLock teamsTeams togetherTeam positionsShared explorationLock speedFull tech treeHidden civsTurbo modeCheats
Victory
Defeat
🇺🇸 Franks · United States
984
+16
🇨🇦 Varangians · Canada
975
+16
🇩🇪 Huns · Germany
975
+16
🇩🇪 Muisca · Germany
968
+16
🇦🇷 Varangians · Argentina
1199
-25
🇦🇷 Chinese · Argentina
920
-14
🇦🇷 Franks · Argentina
894
-13
🇦🇷 Teutons · Argentina
886
-12
aYce Slide4285
8:05 Loom
16:43 Feudal Age
21:15 Castle Age
aegilello
4:26 Loom
14:37 Feudal Age
20:06 Castle Age
20:16 Scale Barding Armor
26:37 Chain Barding Armor
28:44 Wheelbarrow
34:22 Double-Bit Axe
John
5:01 Loom
15:36 Feudal Age
18:59 Bloodlines
19:44 Horse Collar
25:18 Castle Age
24:04 Stone Mining
24:14 Gold Mining
25:09 Fletching
27:17 Wheelbarrow
jphilkill
3:31 Loom
18:23 Feudal Age
20:21 Double-Bit Axe
26:24 Castle Age
25:52 Gold Mining
25:52 Stone Mining
25:45 Horse Collar
27:25 Medium Warships
29:02 Wheelbarrow
32:00 Hand Cart
[Vsh]-BilShit™
3:37 Loom
16:34 Feudal Age
17:36 Stone Mining
25:56 Castle Age
25:10 Gold Mining
26:06 Fletching
26:58 Bloodlines
28:46 Scale Barding Armor
33:42 Chain Barding Armor
35:22 Forging
[Vsh]-Tutta
3:39 Loom
15:41 Feudal Age
16:51 Double-Bit Axe
22:59 Castle Age
30:22 Ballistics
29:58 Murder Holes
31:08 Masonry
34:01 Imperial Age
31:52 Caravan
34:18 Padded Archer Armor
34:09 Fletching
35:49 Conscription
35:51 Rocketry
[Vsh]-WinZerdo
9:29 Loom
15:32 Feudal Age
20:27 Padded Archer Armor
20:18 Fletching
31:57 Castle Age
32:52 Gambesons
33:10 Squires
32:31 Pikeman
[Vsh]-Shaka_Arg
14:00 Feudal Age
12:16 Loom
21:20 Wheelbarrow
25:42 Castle Age
Connection lost

Rejoining the realm…

Still unreachable

The connection could not be restored.

Session expired

The server has moved on; the page needs a fresh start.